 Dungeon Crawl Stone Soup version 0.31-a0-1469-gd420192249 (webtiles) character file.

Game seed: 14419382074222313044

38 grandjackal the Chopper (level 3, -4/28 HPs)
             Began as a Demonspawn Gladiator on Dec 29, 2023.
             Killed from afar by Robin (9 damage)
             ... with a puff of flame
             ... on level 2 of the Dungeon.
             The game lasted 00:00:44 (604 turns).

grandjackal the Chopper (Demonspawn Gladiator)       Turns: 604, Time: 00:00:44

Health: -4/28      AC:  3    Str: 16    XL:     3   Next: 25%
Magic:  3/3        EV: 12    Int:  8    God:
Gold:   96         SH:  0    Dex: 14    Spells: 2/2 levels left

rFire   . . .        a - +0 war axe
rCold   . . .        (no shield)
rNeg    . . .        b - +0 leather armour
rPois   .            (helmet restricted)
rElec   .            (no cloak)
rCorr   .            (no gloves)
SInv    .            (no boots)
Will    .....        (no amulet)
Stlth   +            (no ring)
HPRegen 0.24/turn    (no ring)
MPRegen 0.08/turn

%: no passive effects
@: no status effects
A: antennae 1
a: no special abilities


You were on level 2 of the Dungeon.
You visited 1 branch of the dungeon, and saw 2 of its levels.

You collected 96 gold pieces.

Inventory:

Hand Weapons
 a - a +0 war axe (weapon)
Missiles
 d - 3 throwing nets (quivered)
 e - a javelin
Armour
 b - a +0 leather armour (worn)
Scrolls
 c - a scroll of fear {unknown}
 g - a scroll of poison {unknown}
Potions
 f - a potion of enlightenment {unknown}


   Skills:
 + Level 2.6 Fighting
 + Level 3.1 Axes
 - Level 2.1 Throwing
 - Level 3.0 Dodging


You had 2 spell levels left.
You didn't know any spells.
Your spell library contained the following spells:

 Spells                   Type           Power      Damage    Failure   Level
 Call Canine Familiar     Summ           0%         N/A       85%         3
 Sigil of Binding         Hex            0%         N/A       85%         3
 Dimensional Bullseye     Hex/Tloc       0%         N/A       99%         4


Dungeon Overview and Level Annotations

Branches:
Dungeon (2/15)

Altars:

Annotations:
D:2 Robin


Innate Abilities, Weirdness & Mutations

You have a pair of small antennae on your head.


Message History

You feel stronger. x2
Unknown command.
The hobgoblin hits you. Robin throws the goblin at you!
You barely miss the goblin. You hit the endoplasm.
You closely miss the hobgoblin. You slash the hobgoblin!
You kill the hobgoblin!
A hobgoblin comes into view.
The goblin misses you. The hobgoblin hits you. The endoplasm freezes you.
You are frozen.
A goblin comes into view. It is wielding a +0 dagger.
Robin throws the goblin at you!
The goblin shouts!
You hit the goblin but do no damage. You hit the hobgoblin.
You kill the hobgoblin!
You closely miss the goblin. You slash the endoplasm!
You kill the endoplasm!
You hit the hobgoblin.
You kill the hobgoblin!
The goblin hits you with a +0 club. x3
Robin roars a battlecry!
The goblins go into a battle-frenzy!
The goblin hits you with a +0 club.
You slash the goblin!
You kill the goblin!
You closely miss the hobgoblin. You barely miss the goblin.
The hobgoblin closely misses you. The goblin hits you with a +0 club.
The hobgoblin closely misses you.
Unknown command.
The goblin hits you but does no damage. Robin attacks as they pursue you!
Robin hits you with a +0 club.
* * * LOW HITPOINT WARNING * * *
The hobgoblin attacks as it pursues you!
The hobgoblin hits you.
* * * LOW HITPOINT WARNING * * *
Things that are here:
a +0 club; a goblin corpse The goblin closely misses you.
Robin zaps a wand.
The puff of flame hits you!
You die...
Robin lets out a smug laugh.

#..... .. #.....# .#
#..# .##.....## .##
#..### .......... ..
..... ##.#..#..# .#
...# ......g..##.#
.....#
........gg..##.##..#
......ggg)@>##.##..#
#.##.)†###........#
#......)......##..##.##
#.##.#.##...#.##......#
# #.#.##...#.##.###.##
# #.##.....##<#####
..##...........#
#.##....######.#
#.##.........# #


You could see Robin, 3 hobgoblins and 2 goblins.

Vanquished Creatures
  2 dart slugs (D:1)
  A ball python (D:1)
  4 endoplasms
  4 goblins
  8 hobgoblins
  7 bats
  2 frilled lizards (D:1)
  3 rats (D:1)
31 creatures vanquished.

Notes
Turn   | Place    | Note
-------+----------+-------------------------------------------
     0 | D:1      | grandjackal the Demonspawn Gladiator began the quest for
                  | the Orb.
     0 | D:1      | Reached XP level 1. HP: 16/16 MP: 1/1
    93 | D:1      | Discovered your monstrous ancestry.
    93 | D:1      | Gained mutation: You have a pair of small antennae on your
                  | head. [demonic ancestry]
    93 | D:1      | Reached XP level 2. HP: 22/22 MP: 2/2
   594 | D:2      | Noticed Robin
   599 | D:2      | Reached XP level 3. HP: 28/28 MP: 3/3
   604 | D:2      | Killed from afar by Robin

Illustrated notes

Levels and vault maps discovered:
D:1:      minmay_arrival_open_corners, layout_rooms,
          chequers_serial_rivers_small_b, minmay_door_square, minmay_surrounded
D:2:      layout_basic, minmay_tetromino_s2, uniq_terence, uniq_robin

Skill      XL: |  1  2 |
---------------+-------+-----
Throwing       | 2 |  2.1
Axes           | 3 |  3.1
Dodging        | 3 |  3.0
Fighting       | |  2.6

Action                     || total
---------------------------++-------
  Melee: War axe           ||    60
 Armour: Leather armour    ||    52
  Dodge: Dodged            ||    45

Table legend: (Time is in decaauts)
 A = Elapsed time spent in this place.
 B = Non-inter-level travel time spent in this place.
 C = Inter-level travel time spent in this place.
 D = Time resting spent in this place.
 E = Time spent auto-exploring this place.
 F = Levels seen in this place.
 G = Mean time per level.
                   A        B        C        D        E       F      G
               +--------+--------+--------+--------+--------+-----+--------+
         Total |    625 |    614 |     11 |      0 |    460 |   2 |  312.5 |
       Dungeon |    625 |    614 |     11 |      0 |    460 |   2 |  312.5 |
               +--------+--------+--------+--------+--------+-----+--------+

Top non-repeatable levels by time:
     D:1: 558 daAuts
     D:2: 66 daAuts
